 Dungeon Crawl Stone Soup version 0.30-a0-1053-gbd8d5ba0ad (webtiles) character file.

Game seed: 836339522702582191

364 cforsyth the Caller (level 6, -1/36 HPs)
             Began as an Octopode Summoner on Apr 11, 2023.
             Killed from afar by a kobold (6 damage)
             ... with an iceblast
             ... on level 4 of the Dungeon.
             The game lasted 00:08:15 (2914 turns).

cforsyth the Caller (Octopode Summoner)             Turns: 2914, Time: 00:08:16

Health: -1/36      AC:  1    Str:  7    XL:     6   Next: 67%
Magic:  1/12       EV: 13    Int: 20    God:
Gold:   171        SH:  0    Dex: 12    Spells: 0/13 levels left

rFire   . . .      SeeInvis .    (no weapon)
rCold   . . .      Faith    .    (no shield)
rNeg    . . .      Spirit   .    (helmet restricted)
rPois   .          Reflect  .    (no amulet)
rElec   .          Rampage  .    (no ring)
rCorr   .                        (no ring)
Will    .....                    (no ring)
Stlth   +++                      (no ring)
HPRegen 0.26/turn                (no ring)
MPRegen 0.13/turn                (no ring)
                                 (no ring)
                                 (no ring)

@: no status effects
A: almost no armour, amphibious, 8 rings, camouflage 1, gelatinous body 1,
(nimble swimmer 1), tentacles
a: no special abilities


You were on level 4 of the Dungeon.
You visited 1 branch of the dungeon, and saw 4 of its levels.

You collected 171 gold pieces.

Inventory:

Jewellery
 m - a ring of fire
Scrolls
 b - a scroll of teleportation {unknown}
 e - a scroll of immolation {unknown}
 g - 2 scrolls of enchant weapon {unknown}
 h - 2 scrolls of identify {unknown}
 j - a scroll of poison {unknown}
 n - a scroll of enchant armour {unknown}
Potions
 a - 2 potions of magic
 c - 4 potions of curing {unknown}
 d - a potion of brilliance {unknown}
 f - a potion of attraction {unknown}
 i - 3 potions of mutation {unknown}
 k - a potion of haste {unknown}
 l - a potion of flight {unknown}


   Skills:
 - Level 2.0 Dodging
 - Level 2.6 Stealth
 + Level 4.4 Spellcasting
 + Level 1.2 Hexes
 + Level 5.9 Summonings
 + Level 1.2 Air Magic


You couldn't memorise any spells.
You knew the following spells:

 Your Spells              Type           Power      Damage    Failure   Level
a - Summon Small Mammal   Summ           100%       N/A       1%          1
b - Call Imp              Summ           56%        N/A       1%          2
c - Call Canine Familiar  Summ           28%        N/A       3%          3
d - Summon Guardian Gole  Hex/Summ       18%        N/A       9%          3
e - Summon Lightning Spi  Summ/Air       18%        N/A       28%         4

Your spell library contained the following spells:

 Spells                   Type           Power      Damage    Failure   Level
 Sandblast                Erth           8%         2d5       12%         1
 Passwall                 Tmut/Erth      3%         N/A       19%         2
 Stone Arrow              Conj/Erth      8%         3d7       36%         3


Dungeon Overview and Level Annotations

Branches:
Dungeon (4/15)
 Temple: D:4-7

Altars:

Shops:
D:3 ?   D:4 (


Innate Abilities, Weirdness & Mutations

You cannot wear most types of armour.
You are amphibious.
You can wear up to eight rings at the same time.
Your skin changes colour to match your surroundings (Stealth+).
Your rubbery body absorbs attacks. (AC +1, EV +1)
((You are camouflaged when in or above water. (Stealth+)))
You have tentacles for arms and can constrict up to eight enemies at once.


Message History

Flame seeps out of your guardian golem. The black bear claws your cerulean imp.
Flame seeps out of your guardian golem. The black bear claws your cerulean imp.
Flame seeps out of your guardian golem.
Your guardian golem is engulfed in blazing flames.
Flame seeps out of your guardian golem.
Unknown command.
Unknown command.
You closely miss the jackal. You grab the jackal.
You tentacle-slap the jackal, but do no damage.
Your squeeze misses the jackal. You constrict the jackal.
Your hound barely misses the black bear.
The jackal closely misses you. x2
Your cerulean imp hits the black bear with a -2 spear.
The black bear dies!
The goblin hits your guardian golem with a +0 dagger.
Flame seeps out of your guardian golem.
Your guardian golem is engulfed in blazing flames.
Your guardian golem disappears in a puff of smoke!
Your guardian golem explodes!
The fiery explosion engulfs the goblin!!
The goblin dies!
The fiery explosion engulfs your hound!!
The fiery explosion engulfs the jackal!!!
The jackal dies!
The fiery explosion engulfs you!!
Ouch! That really hurt!
* * * LOW HITPOINT WARNING * * *
You hear an angry hiss.
You hear a shout!
Your Hexes skill increases to level 1!
Your Air Magic skill increases to level 1!
You release your grip on the jackal.
The jackal barely misses you. The jackal bites you.
* * * LOW HITPOINT WARNING * * *
Casting: Call Canine Familiar (dangerous; 3% risk of failure)
Confirm with . or Enter, or press ? or * to list all spells.
The jackal barely misses you.
The kobold zaps a wand.
The mass of ice explodes!
The iceblast engulfs the jackal!
The jackal dies!
The iceblast engulfs you.
You die...

..............#...#.#l..
..............#...#.#♣.♣
.......K......#...#.....
.......†.†....#......♣.♣
...<..5.......#......#.#
.....§§§..........##.#.#
......°§......##.♣ ♣.#.#
....)§§§.?....##♣. ..#.#
.....h∩@......# ♣##.#
..............# ♣.#
###....##b.....♣ P♣#
#.... #......♣ ♣. #....
#......P ♣. #....
......♣ ♣# ##... ..>.. #
.... .... # #


You could see a kobold, a friendly hound (summoned), a friendly cerulean imp
(summoned) and a friendly bat (summoned).

Vanquished Creatures
  Natasha (D:3)
  An adder (D:3)
  4 dart slugs
  2 orcs (D:3)
  2 ball pythons
  3 bats
  2 endoplasms
  5 hobgoblins
  2 giant cockroaches
  2 kobolds (D:1)
  2 rats (D:2)
26 creatures vanquished.

Vanquished Creatures (collateral kills)
  A black bear (D:4)
  An orc wizard (D:3)
  Jessica (D:3)
  An iguana (D:4)
  Natasha (twice) (D:3)
  4 adders
  A worm (D:2)
  2 dart slugs
  An orc (D:3)
  4 endoplasms
  A giant cockroach (D:1)
  2 goblins (D:1)
  2 hobgoblins (D:1)
  2 jackals (D:4)
  A quokka (D:3)
  3 ball pythons (D:1)
  3 bats
  3 kobolds
35 creatures vanquished.

Vanquished Creatures (others)
  A goblin (D:4)
  2 jackals (D:4)
3 creatures vanquished.

Grand Total: 64 creatures vanquished

Notes
Turn   | Place    | Note
-------+----------+-------------------------------------------
     0 | D:1      | cforsyth the Octopode Summoner began the quest for the Orb.
     0 | D:1      | Reached XP level 1. HP: 11/11 MP: 3/3
   158 | D:1      | Reached XP level 2. HP: 14/17 MP: 1/5
   163 | D:1      | Learned a level 2 spell: Call Imp
   960 | D:2      | Reached XP level 3. HP: 19/21 MP: 2/6
   978 | D:2      | Learned a level 3 spell: Call Canine Familiar
  1863 | D:3      | Reached XP level 4. HP: 17/27 MP: 8/8
  1954 | D:3      | Reached skill level 5 in Summonings
  2057 | D:3      | Noticed Jessica
  2065 | D:3      | Found Qejaaxas's Magic Scroll Shop.
  2070 | D:3      | Killed Jessica
  2071 | D:3      | Reached XP level 5. HP: 18/31 MP: 6/10
  2224 | D:3      | Noticed Natasha
  2231 | D:3      | Killed Natasha
  2252 | D:3      | Noticed Natasha
  2272 | D:3      | Killed Natasha
  2297 | D:3      | Noticed Natasha
  2309 | D:3      | Killed Natasha
  2527 | D:3      | Reached XP level 6. HP: 36/36 MP: 5/12
  2621 | D:3      | Learned a level 3 spell: Summon Guardian Golem
  2626 | D:3      | Learned a level 4 spell: Summon Lightning Spire
  2642 | D:3      | You fall into a shaft and drop 1 floor!
  2883 | D:4      | Found Zuraadd's Antique Weapon Shoppe.
  2892 | D:4      | Noticed a black bear
  2912 | D:4      | Killed a black bear
  2913 | D:4      | Reached skill level 1 in Hexes
  2913 | D:4      | Reached skill level 1 in Air Magic
  2914 | D:4      | Killed from afar by a kobold

Illustrated notes

Levels and vault maps discovered:
D:1:      doesnt_arrival_eight_statues, layout_rooms, minmay_hexomino_p4
D:2:      layout_basic, dk_noncrumbling_4, kennysheep_generic_room_11
D:3:      layout_rooms, serial_shops, shop, uniq_natasha, uniq_jessica
D:4:      layout_basic, serial_shops, shop, serial_forest,
          infiniplex_forest_lined_room_2, infiniplex_forest_pool,
          infiniplex_forest_lined_2, infiniplex_forest_end_2,
          infiniplex_forest_zigzag_2, infiniplex_forest_lined_corner,
          infiniplex_forest_lined_room_2, uniq_edmund

Skill      XL: |  1  2  3  4  5  6 |
---------------+-------------------+-----
Spellcasting   | 3 4 |  4.4
Summonings     | 5 |  5.9
Hexes          | 1 |  1.2
Air Magic      | 1 |  1.2
Dodging        | |  2.0
Stealth        | |  2.6

Action                     |  1- 3 |  4- 6 || total
---------------------------+-------+-------++-------
  Melee: Unarmed           |    63 |    30 ||    93
         Constrict         |    21 |     9 ||    30
         Tentacles         |    16 |    10 ||    26
         Punch             |       |     2 ||     2
   Cast: Summon Small Mamm |    36 |    17 ||    53
         Call Imp          |    11 |     8 ||    19
         Call Canine Famil |     3 |    10 ||    13
         Summon Guardian G |       |     1 ||     1
   Stab: Sleeping          |     1 |     1 ||     2
         Distracted        |     1 |     1 ||     2
 Armour: Skin              |     7 |     2 ||     9
  Dodge: Dodged            |    39 |    33 ||    72

Table legend: (Time is in decaauts)
 A = Elapsed time spent in this place.
 B = Non-inter-level travel time spent in this place.
 C = Inter-level travel time spent in this place.
 D = Time resting spent in this place.
 E = Time spent auto-exploring this place.
 F = Levels seen in this place.
 G = Mean time per level.
                   A        B        C        D        E       F      G
               +--------+--------+--------+--------+--------+-----+--------+
         Total |   2914 |   2861 |     53 |      0 |   2264 |   4 |  728.5 |
       Dungeon |   2914 |   2861 |     53 |      0 |   2264 |   4 |  728.5 |
               +--------+--------+--------+--------+--------+-----+--------+

Top non-repeatable levels by time:
     D:1: 936 daAuts
     D:3: 890 daAuts
     D:2: 862 daAuts
     D:4: 225 daAuts
